Map: Port Aleksander LE

Players

Revelation

  • Race: Terran Terran
  • Spawn Location: 5:00

Nordy - Winner!

  • Race: Protoss Protoss
  • League: Diamond
  • Spawn Location: 11:00

VOD

Have the link to the VOD?

Description

Time

  • Played on: Nov. 20, 2018, 6:04 p.m.
  • Length: 14:32
Show
View Real Time Build Order
Export as new Build Order

Revelation Terran 

Build Orders: Mech 

Get SALT Encoding   

  12  0:01  SCV  
  13  0:13  SCV  
  14  0:18  Supply Depot  
  14  0:25  SCV  
  15  0:40  SCV  
  16  0:43  Barracks  
  16  0:52  SCV  
  16  0:53  Refinery  
  18  1:04  SCV  
  18  1:16  SCV  
  19  1:29  Orbital Command  
  19  1:31  Marine  
  20  1:42  Command Center  
  20  1:51  Marine  
  21  1:55  SCV  
  22  2:02  Supply Depot  
  22  2:07  SCV  
  23  2:16  Factory  
  23  2:24  SCV  
  23  2:28  Barracks Tech Lab  
  24  2:31  Refinery  
  24  2:36  SCV  
  25  2:45  Bunker  
  25  2:48  SCV  
  26  2:57  Orbital Command  
  26  3:01  SCV  
  27  3:10  Cyclone  
  30  3:14  Command Center  
  30  3:15  SCV  
  31  3:23  SCV  
  31  3:25  Marine  
  33  3:27  SCV  
  33  3:31  Engineering Bay  
  34  3:35  SCV  
  34  3:39  SCV  
  36  3:42  Cyclone  
  36  3:45  Mag-Field Accelerator  
  36  3:47  SCV  
  40  3:51  SCV  
  41  4:00  SCV  
  41  4:01  Marine  
  43  4:03  SCV  
  44  4:11  Supply Depot  
  44  4:12  SCV  
  44  4:14  Cyclone, Supply Depot  
  44  4:15  SCV  
  49  4:21  Refinery  
  49  4:24  Refinery, SCV  
  49  4:27  SCV  
  51  4:35  Supply Depot  
  51  4:36  SCV  
  52  4:39  SCV  
  53  4:46  Cyclone  
  53  4:48  SCV  
  57  4:53  Barracks Reactor  
  57  4:56  SCV  
  57  4:57  Starport, SCV  
  59  5:00  SCV  
  60  5:08  SCV  
  60  5:11  Planetary Fortress  
  60  5:12  SCV  
  62  5:19  Cyclone  
  62  5:20  SCV  
  66  5:24  SCV  
  66  5:28  Liberator  
  61  5:29  Liberator  
  61  5:30  Refinery  
  61  5:32  Refinery, Missile Turret  
  61  5:33  SCV  
  62  5:36  SCV  
  63  5:45  SCV  
  63  5:49  SCV  
  71  5:51  Missile Turret  
  71  5:52  SCV  
  72  5:57  SCV  
  72  5:58  Missile Turret  
  72  6:01  SCV  
  72  6:04  SCV  
  75  6:06  Hi-Sec Auto Tracking  
  75  6:08  Siege Tank  
  75  6:09  SCV  
  75  6:13  SCV  
  75  6:16  SCV  
  77  6:18  Liberator  
  77  6:19  Liberator  
  77  6:21  SCV  
  77  6:23  Factory  
  77  6:24  Factory  
  77  6:25  SCV  
  78  6:28  SCV  
  79  6:33  SCV  
  79  6:37  SCV  
  87  6:40  Supply Depot  
  87  6:43  Supply Depot  
  87  6:44  Supply Depot x2  
  87  6:45  Supply Depot  
  87  6:58  SCV x2  
  87  6:59  SCV  
  90  7:06  Supply Depot  
  90  7:08  Factory Tech Lab  
  90  7:09  Factory Reactor  
  90  7:10  SCV  
  90  7:12  Cyclone  
  90  7:13  Command Center, SCV x2  
  96  7:22  SCV  
  97  7:25  SCV  
  97  7:26  SCV, Missile Turret  
  97  7:27  Cyclone  
  97  7:29  Missile Turret  
  102  7:34  Factory  
  102  7:35  Factory, SCV  
  102  7:36  Factory  
  103  7:37  SCV  
  103  7:43  SCV  
  105  7:44  Cyclone  
  105  7:46  Liberator x2  
  105  7:47  SCV  
  105  7:50  SCV  
  110  7:55  Widow Mine x2  
  110  7:56  SCV  
  115  7:59  Cyclone, Armory  
  124  8:16  Cyclone  
  124  8:19  Command Center, Sensor Tower  
  127  8:22  Factory Tech Lab x3  
  127  8:29  Missile Turret  
  127  8:40  Cyclone x2  
  127  8:41  Cyclone x2  
  139  8:46  Hellion x2  
  143  8:48  Armory, Terran Vehicle Weapons Level 1  
  142  9:05  SCV x2  
  142  9:06  SCV, Planetary Fortress  
  145  9:15  Refinery  
  145  9:16  Missile Turret  
  145  9:17  SCV  
  145  9:20  Command Center, Cyclone x3  
  145  9:22  Missile Turret  
  155  9:25  Command Center  
  155  9:26  Refinery, Cyclone  
  155  9:29  Supply Depot  
  155  9:30  Supply Depot x2  
  158  9:31  Cyclone  
  158  9:33  Hellbat  
  158  9:36  Infernal Pre-Igniter, Hellbat  
  165  9:43  Terran Vehicle And Ship Armor Level 1  
  165  9:52  Orbital Command  
  165  10:11  Cyclone x4  
  165  10:13  Sensor Tower, Hellbat x3  
  183  10:34  Hellbat x2  
  187  10:37  Cyclone  
  187  10:42  Starport  
  190  10:44  Viking x2  
  190  10:45  Starport  
  194  10:50  Cyclone x2  
  200  10:59  Command Center, Refinery  
  200  11:00  Refinery  
  160  11:30  Cyclone  
  160  11:31  Cyclone x4  
  149  11:34  Viking x3  
  149  11:35  Viking  
  144  12:03  Cyclone x4  
  144  12:04  Viking x2, Hellbat  
  144  12:05  Hellbat x2  
  152  12:16  Viking x2  
  155  12:26  Hellbat x2  
  145  12:30  Cyclone  
  145  12:34  Viking x2  
  145  12:35  Cyclone x3  
  142  12:39  Cyclone  
  145  12:45  Viking  
  146  12:54  Orbital Command  
  146  13:03  Cyclone  
  149  13:07  Cyclone  
  149  13:08  Cyclone x2  
  117  13:37  Cyclone x2  
  117  13:38  Hellbat x2  
  117  13:39  Cyclone  
  117  13:40  Hellbat  
  117  13:41  Hellbat  
Show
View Real Time Build Order
Export as new Build Order

Nordy Protoss - Winner!

Build Orders: 1 Gate Expand, Double Forge, Blink Stalkers 

Get SALT Encoding   

  12  0:00  Probe  
  13  0:13  Probe  
  14  0:18  Pylon  
  14  0:25  Probe  
  15  0:34  Probe  
  15  0:39  Gateway  
  16  0:42  Probe  
  16  0:49  Assimilator  
  17  0:51  Probe  
  18  1:03  Probe  
  19  1:15  Probe  
  20  1:29  Nexus  
  20  1:40  Cybernetics Core  
  20  1:49  Probe  
  20  1:50  Assimilator  
  21  1:56  Pylon  
  21  2:03  Probe  
  22  2:09  Adept  
  22  2:17  Probe  
  22  2:20  Warp Gate  
  25  2:24  Gateway  
  25  2:29  Probe  
  26  2:41  Probe  
  26  2:43  Stalker  
  29  2:49  Probe  
  29  2:50  Twilight Council  
  29  2:52  Probe  
  29  2:58  Probe  
  31  3:01  Probe  
  33  3:07  Probe  
  34  3:13  Probe  
  34  3:17  Blink  
  34  3:19  Probe  
  36  3:22  Stalker  
  36  3:25  Probe  
  39  3:28  Stalker  
  39  3:31  Probe  
  42  3:37  Probe  
  43  3:41  Pylon  
  43  3:57  Probe x2  
  43  4:05  Gateway  
  43  4:06  Gateway  
  43  4:09  Probe x2  
  45  4:17  Assimilator  
  45  4:19  Assimilator  
  45  4:21  Probe x2  
  45  4:22  Robotics Facility  
  47  4:24  Pylon  
  47  4:33  Probe  
  47  4:34  Probe, Stalker x2  
  53  4:46  Probe x2  
  53  4:50  Forge x2  
  55  4:58  Probe x2, Stalker  
  59  5:00  Stalker  
  57  5:11  Probe x2  
  59  5:15  Stalker  
  59  5:31  Stalker  
  61  5:36  Pylon  
  61  5:44  Observer, Pylon  
  61  5:46  Pylon  
  62  5:56  Nexus  
  62  6:00  Pylon  
  62  6:02  Pylon  
  62  6:03  Probe x2  
  64  6:07  Protoss Ground Armor Level 1, Warp Prism, Protoss Ground Weapons Level 1  
  62  6:15  Probe x2, Stalker x4  
  72  6:27  Probe  
  72  6:29  Probe  
  72  6:39  Probe  
  73  6:41  Robotics Facility  
  73  6:43  Gateway  
  73  6:45  Gateway  
  73  6:47  Gateway  
  73  6:49  Probe  
  73  6:50  Pylon  
  73  6:51  Probe  
  73  6:53  Charge, Pylon  
  75  7:05  Immortal  
  75  7:08  Probe x2  
  80  7:09  Probe  
  82  7:20  Probe x2  
  82  7:21  Probe  
  85  7:23  Pylon  
  85  7:26  Pylon  
  85  7:28  Assimilator  
  85  7:32  Assimilator, Probe, Zealot x2  
  85  7:33  Zealot x2  
  85  7:34  Shield Battery  
  94  7:39  Probe x2  
  96  7:44  Probe  
  96  7:46  Immortal  
  96  7:49  Immortal  
  105  7:51  Probe x2  
  105  7:55  Gateway  
  107  7:59  Protoss Ground Armor Level 2, Protoss Ground Weapons Level 2  
  107  8:00  Zealot x3  
  107  8:01  Zealot  
  115  8:19  Stargate  
  115  8:20  Stargate  
  115  8:33  Nexus  
  115  8:34  Zealot  
  115  8:35  Zealot  
  115  8:36  Pylon  
  115  8:38  Pylon  
  115  8:40  Pylon  
  115  8:56  Zealot x4  
  115  8:57  Zealot x4  
  115  9:02  Pylon  
  127  9:04  Fleet Beacon  
  127  9:05  Pylon  
  127  9:10  Shield Battery  
  127  9:11  Shield Battery  
  127  9:13  Shield Battery  
  127  9:16  Immortal  
  135  9:24  Immortal  
  135  9:38  Tempest x2  
  144  9:56  Observer  
  144  9:59  Stalker x2  
  149  10:00  Stalker x3  
  149  10:03  Observer  
  149  10:04  Probe x3  
  159  10:18  Assimilator, Tempest x2  
  159  10:19  Assimilator  
  159  10:25  Protoss Air Weapons Level 1  
  159  10:29  Nexus  
  159  10:30  Pylon  
  159  10:32  Pylon  
  169  10:39  Zealot x4  
  169  10:40  Zealot x2  
  181  11:08  Stalker x2  
  181  11:09  Stalker x5  
  181  11:10  Stalker  
  172  11:32  Zealot x6  
  170  11:33  Zealot x2  
  170  11:37  Tempest x2  
  158  12:02  Zealot x3  
  158  12:03  Zealot x5  
  168  12:14  Tempest  
  168  12:15  Tempest  
  166  12:31  Zealot x4  
  166  12:32  Zealot x4  
  172  12:53  Tempest x2  
  172  12:54  Zealot x2  
  172  12:55  Zealot x6  
  172  12:57  Gateway  
  172  12:58  Gateway  
  198  13:00  Gateway  
  198  13:04  Gateway  
  198  13:06  Gateway  
  163  13:27  Zealot x4  
  163  13:28  Stalker x4  
  144  13:48  Tempest x2  
  142  13:51  Zealot x6  
  142  13:52  Zealot x2  
  148  14:11  Zealot x2  
  148  14:12  Zealot x4  
  148  14:13  Zealot x4  
  148  14:14  Zealot  
Tags
 
Add a new tag
Caveats
  • Supply blocks, unpowered buildings, or Contaminate may cause inaccurate times.
  • Supply counts are checked every 10 seconds.